Map: Jagannatha LE

Players

Scarlett - Winner!

  • Race: Zerg Zerg

TriGGeR

  • Race: Protoss Protoss
  • League: Grandmaster

Event: DreamHack SC2 Masters 2021 Summer

VOD

Have the link to the VOD?

Description

Time

  • Played on: May 26, 2021, 6:03 p.m.
  • Length: 10:25

All games in this series

Show
View Real Time Build Order
Export as new Build Order

Scarlett Zerg - Winner!

Build Orders: Hatch First 

Get SALT Encoding   

  12  0:00  Drone  
  13  0:12  Overlord  
  13  0:17  Drone  
  14  0:30  Drone x2  
  16  0:43  Drone  
  17  0:50  Hatchery  
  17  0:55  Drone  
  17  0:57  Drone  
  18  1:08  Extractor  
  17  1:12  Spawning Pool  
  17  1:16  Drone  
  17  1:20  Drone  
  18  1:27  Drone  
  19  1:38  Drone  
  20  1:49  Overlord  
  20  1:59  Queen  
  22  2:02  Queen  
  22  2:03  Drone, Zergling x2  
  26  2:10  Drone  
  26  2:11  Metabolic Boost  
  26  2:13  Drone  
  28  2:24  Drone  
  28  2:25  Drone  
  30  2:41  Hatchery, Queen  
  31  2:46  Zergling x2  
  31  2:47  Overlord  
  31  2:49  Drone  
  33  2:51  Drone  
  34  3:02  Drone x2  
  34  3:05  Queen  
  36  3:07  Drone  
  36  3:09  Drone x2  
  41  3:15  Overlord  
  41  3:17  Drone  
  41  3:18  Drone  
  43  3:22  Overlord  
  43  3:27  Drone  
  44  3:35  Drone, Queen  
  48  3:41  Drone  
  48  3:42  Roach Warren  
  48  3:44  Drone  
  48  3:48  Drone x3  
  51  3:49  Drone x3  
  54  3:58  Zergling x4  
  54  3:59  Spine Crawler, Zergling x2  
  56  4:04  Overlord  
  56  4:10  Zergling x4  
  56  4:16  Zergling x2, Overlord  
  56  4:17  Zergling x8  
  68  4:24  Roach x3  
  68  4:25  Overlord  
  68  4:27  Roach  
  70  4:31  Roach  
  70  4:33  Zergling x2  
  73  4:41  Overlord, Roach x3  
  75  4:55  Zergling x22  
  83  5:00  Spore Crawler x2  
  80  5:07  Zergling x6  
  80  5:13  Zergling x2  
  83  5:18  Roach x2  
  87  5:23  Overlord  
  87  5:30  Drone x6  
  87  5:32  Extractor  
  92  5:35  Extractor  
  92  5:37  Drone x2, Overlord  
  93  5:44  Drone, Overlord  
  93  5:46  Lair  
  93  5:49  Extractor  
  93  5:52  Drone  
  93  5:55  Drone x2  
  96  5:58  Roach x2  
  96  6:02  Overlord  
  100  6:07  Drone  
  100  6:08  Spore Crawler  
  100  6:12  Drone  
  100  6:13  Drone x7  
  107  6:31  Overlord x4  
  107  6:34  Roach x8  
  120  6:44  Overlord  
  119  6:47  Extractor  
  119  6:48  Zergling x4, Overlord  
  119  6:51  Ravager x3  
  123  6:57  Drone x5  
  123  6:59  Overseer  
  123  7:01  Drone x2, Glial Reconstitution  
  130  7:05  Extractor  
  130  7:07  Evolution Chamber  
  130  7:08  Drone x4  
  132  7:10  Drone x3  
  132  7:15  Ravager x2  
  137  7:24  Zergling x10  
  141  7:32  Zergling x2  
  142  7:39  Zergling x6, Roach x2  
  142  7:40  Zergling x6  
  142  7:44  Ravager x4, Overlord  
  154  7:49  Zergling x2  
  154  7:50  Zerg Missile Weapons Level 1  
  151  7:53  Roach x4  
  157  8:01  Roach  
  156  8:09  Roach x7  
  153  8:20  Hatchery  
  153  8:25  Roach x8  
  156  8:33  Roach x2  
  154  8:34  Overseer  
  154  8:37  Ravager  
  154  8:39  Zergling x12  
  160  8:45  Drone x4  
  161  8:49  Drone, Spire  
  133  9:04  Roach x5  
  133  9:09  Extractor  
  139  9:10  Roach x4  
  139  9:11  Extractor  
  146  9:17  Roach x2  
  146  9:23  Roach x7  
  155  9:31  Roach  
  149  9:36  Roach x3  
  155  9:44  Roach x4  
  159  9:54  Drone x6  
  165  10:00  Overlord  
  165  10:01  Zergling x6  
  165  10:03  Ravager  
Show
View Real Time Build Order
Export as new Build Order

TriGGeR Protoss 

Build Orders: 1 Gate Expand, Mass Adepts 

Get SALT Encoding   

  12  0:00  Probe  
  13  0:12  Probe  
  14  0:20  Pylon  
  14  0:24  Probe  
  15  0:38  Probe (Chrono Boost)  
  15  0:40  Gateway  
  16  0:47  Probe (Chrono Boost)  
  17  0:50  Assimilator  
  17  0:52  Probe (Chrono Boost)  
  18  1:04  Probe  
  19  1:16  Probe  
  20  1:27  Nexus  
  20  1:30  Probe  
  21  1:41  Cybernetics Core  
  21  1:43  Probe  
  22  1:48  Assimilator  
  22  1:54  Pylon  
  22  1:57  Probe  
  23  2:12  Probe (Chrono Boost)  
  23  2:14  Adept (Chrono Boost)  
  24  2:18  Warp Gate  
  24  2:22  Probe (Chrono Boost)  
  27  2:27  Probe (Chrono Boost)  
  27  2:29  Twilight Council  
  28  2:38  Stalker  
  28  2:39  Probe  
  28  2:40  Probe  
  32  2:51  Probe  
  33  2:54  Robotics Facility  
  33  2:56  Probe  
  34  3:03  Probe  
  35  3:06  Resonating Glaives (Chrono Boost)  
  35  3:08  Probe  
  35  3:10  Gateway  
  36  3:15  Probe, Adept  
  40  3:27  Probe  
  40  3:29  Gateway  
  40  3:31  Gateway  
  41  3:38  Pylon  
  41  3:41  Warp Prism (Chrono Boost)  
  40  3:47  Probe  
  40  3:48  Probe  
  44  3:53  Pylon  
  44  3:59  Probe  
  44  4:02  Probe  
  46  4:03  Pylon  
  46  4:05  Adept  
  46  4:06  Adept  
  50  4:10  Observer  
  50  4:11  Shield Battery  
  50  4:12  Probe  
  52  4:19  Probe  
  52  4:21  Assimilator  
  53  4:29  Adept x4  
  61  4:32  Pylon  
  61  4:36  Probe  
  62  4:39  Probe  
  59  4:53  Probe  
  59  4:57  Assimilator  
  59  4:58  Adept x4  
  66  5:00  Probe  
  66  5:04  Immortal (Chrono Boost)  
  71  5:10  Probe  
  71  5:13  Probe  
  71  5:23  Probe  
  71  5:24  Pylon  
  71  5:27  Pylon, Forge  
  72  5:32  Sentry  
  72  5:34  Pylon  
  72  5:35  Shield Battery  
  74  5:40  Immortal (Chrono Boost)  
  78  5:52  Pylon  
  78  6:03  Protoss Ground Weapons Level 1  
  78  6:04  Pylon  
  77  6:14  Immortal (Chrono Boost)  
  77  6:17  Pylon  
  81  6:21  Stalker x4  
  89  6:37  Nexus  
  89  6:40  Pylon  
  89  6:46  Immortal (Chrono Boost)  
  89  6:47  Pylon, Sentry  
  89  6:48  Sentry  
  97  7:00  Robotics Bay  
  97  7:04  Gateway  
  97  7:06  Gateway  
  97  7:12  Stalker x2  
  97  7:15  Stalker  
  101  7:27  Gateway  
  101  7:28  Probe x2  
  101  7:29  Pylon  
  103  7:41  Adept x4  
  111  7:50  Probe  
  107  7:56  Probe  
  107  7:57  Probe  
  106  7:59  Adept  
  106  8:01  Adept  
  106  8:02  Probe  
  105  8:07  Adept x4  
  105  8:08  Probe  
  104  8:14  Probe  
  85  8:31  Stalker x4  
  85  8:32  Shield Battery  
  85  8:33  Probe  
  85  8:34  Probe x2  
  86  8:46  Stalker x2  
  86  8:47  Stalker  
  84  8:59  Stalker x4  
  82  9:07  Colossus (Chrono Boost)  
  80  9:12  Adept x2  
  80  9:15  Sentry  
  69  9:24  Stalker x2  
  69  9:25  Sentry x2  
  73  9:33  Stalker  
  73  9:36  Stalker  
  72  10:02  Nexus, Sentry  
  72  10:03  Sentry  
  72  10:04  Pylon  
  76  10:08  Probe x2  
Tags
 
Add a new tag
Caveats
  • Supply blocks, unpowered buildings, or Contaminate may cause inaccurate times.
  • Supply counts are checked every 10 seconds.